 Dungeon Crawl Stone Soup version 0.25.0-10-g039870ee82 (webtiles) character file.

Game seed: 287353507704707525

8466 shadizar the Covert (level 11, -2/117 HPs)
             Began as an Octopode Assassin on June 22, 2020.
             Was an Elder of Okawaru.
             Slain by a troll (5 damage)
             ... on level 10 of the Dungeon.
             The game lasted 00:34:11 (14313 turns).

shadizar the Covert (Octopode Assassin)            Turns: 14313, Time: 00:34:12

Health: -2/117     AC: 25    Str: 13    XL:     11   Next: 31%
Magic:  12/12      EV:  2    Int: 15    God:    Okawaru [****..]
Gold:   687        SH:  0    Dex: 13    Spells: 10/10 levels left

rFire    + . .     SeeInvis +   D - +6 falchion (freeze)
rCold    . . .     Gourm    .   (no shield)
rNeg     + + +     Faith    .   (helmet currently unavailable)
rPois    +         Spirit   .   p - amulet of magic regeneration
rElec    .         Reflect  .   g - ring of poison resistance
rCorr    .         Harm     .   i - ring of protection from fire
MR       .....     NoTele   +   k - ring of see invisible
Stlth    +++++.....             x - ring of poison resistance
HPRegen  0.29/turn              (no ring)
MPRegen  0.38/turn              (no ring)
                                (no ring)
                                (no ring)

@: tree-form, very slightly contaminated, hasted, invisible, very quick
A: almost no armour, stealthy swim, (amphibious), 8 rings, (constrict 8)
a: Heroism, Renounce Religion


You were on level 10 of the Dungeon.
You worshipped Okawaru.
Okawaru was greatly pleased with you.
You were not hungry.
You were a tree.
You visited 2 branches of the dungeon, and saw 14 of its levels.

You collected 687 gold pieces.

Inventory:

Hand Weapons
 a - a cursed +0 broad axe
 u - a +2 whip of electrocution
 D - a +6 falchion of freezing (weapon)
Missiles
 b - 18 poisoned darts (quivered)
 c - 11 curare-tipped darts
Jewellery
 g - a ring of poison resistance (left branch)
 i - a ring of protection from fire (right branch)
 k - a ring of see invisible (on tentacle)
 p - an amulet of magic regeneration (around neck)
 x - a ring of poison resistance (on tentacle)
Wands
 j - a wand of random effects (12)
 n - a wand of paralysis (6)
 q - a wand of iceblast (6)
 v - a wand of clouds (5)
 y - a wand of enslavement (10)
 H - a wand of disintegration (9)
Scrolls
 e - 4 scrolls of remove curse
 f - 7 scrolls of identify
 h - 2 scrolls of amnesia
 o - a scroll of fog
 t - 3 scrolls of enchant armour
Potions
 r - 5 potions of flight
 w - 8 potions of degeneration
 z - a potion of brilliance
 B - a potion of stabbing
Comestibles
 d - 17 rations
 m - 6 chunks of flesh


   Skills:
 + Level 8.7 Fighting
   Level 6.5(8.3) Short Blades
 + Level 7.8(8.9) Long Blades
 - Level 2.0 Throwing
 + Level 8.5 Dodging
 + Level 10.9 Stealth
 + Level 2.2 Invocations
 - Level 2.1 Evocations


You had 10 spell levels left.
You didn't know any spells.
Your spell library contained the following spells:

 Spells                   Type           Power        Failure   Level  Hunger
 Confusing Touch          Hex            #.......     63%         3    ####...
 Gell's Gravitas          Tloc           #.........   63%         3    ####...
 Petrify                  Tmut/Erth      #.......     95%         4    #####..
 Metabolic Englaciation   Hex/Ice        #.........   100%        5    ######.
 Yara's Violent Unravell  Hex/Tmut       #.........   100%        5    ######.


Dungeon Overview and Level Annotations

Branches:
Dungeon (13/15)            Temple (1/1) D:7            Lair (0/6) D:10
    Orc (0/2) D:10
 Vaults: D:13-14

Altars:
Ashenzari
Cheibriados
Dithmenos
Elyvilon
Fedhas
Gozag
Hepliaklqana
Kikubaaqudgha
Makhleb
Nemelex Xobeh
Okawaru
Qazlal
Ru
Sif Muna
Trog
Uskayaw
Vehumet
Wu Jian
Xom
Yredelemnul
Zin
The Shining One

Shops:
D:7 %   D:9 %

Annotations:
D:3 Grinder
D:5 1 runed translucent door, Crazy Yiuf
D:7 Harold


Innate Abilities, Weirdness & Mutations

You cannot wear most types of armour.
You are very stealthy in the water. (Stealth+)
((You are amphibious.))
You can wear up to eight rings at the same time.
((You can use your tentacles to constrict eight enemies at once.))
((Your skin changes colour to match your surroundings (Stealth+).))
((Your rubbery body absorbs attacks. (AC +1, EV +1)))


Message History

You barely miss the manticore.
The manticore is moderately wounded.
You feel like a meek peon again.
You slash the manticore! You freeze the manticore.
The manticore is severely wounded.
The manticore bites you but does no damage.
The manticore claws you but does no damage. x2
You strike the helpless manticore from behind!
You hit the manticore. You freeze the manticore.
The manticore is severely wounded.
You hit the manticore. You freeze the manticore.
The manticore is almost dead.
You cannot move.
You catch the helpless troll completely off-guard!
You hit the troll. You freeze the troll.
The troll is lightly wounded.
You closely miss the troll.
The troll is lightly wounded.
The troll bites you.
You die...

.............. ................#
.(.............................#
#### ...........######.# ...# .
#####...# #.# ...#
####H#...#...# .#
...#########..#.#..H+...# .#
.÷............#.'...#...# .#
..............###T..'.).#
................♣...#...#
...########.........#.......
...#......#.........#........
...#......#.......###.........
..÷#......#.......# ..........
...####+#'#.......# ..........
..................#...........
..................#
..................'


You could see a manticore (wandering) and a troll.

Vanquished Creatures
  A gargoyle (D:12)
  A troll (D:12)
  A hippogriff (D:8)
  A hungry ghost (D:10)
  4 vampire mosquitoes (D:12)
  A water moccasin (D:7)
  A swamp drake (D:10)
  5 sky beasts
  A black bear (D:8)
  7 orc warriors
  An ice beast (D:9)
  4 phantoms
  A necrophage (D:6)
  5 ogres
  5 centaurs
  2 crocodiles
  3 big kobolds
  7 bullfrogs
  A wyvern zombie (D:13)
  A scorpion (D:7)
  11 killer bees
  6 wights
  3 howler monkeys (D:12)
  2 crimson imps
  A bullfrog zombie (D:5)
  A quasit (D:12)
  6 jellies
  4 centaur zombies
  12 orc priests
  3 hounds
  18 orc wizards
  4 bullfrog skeletons
  An iguana (D:12)
  Ijyb (D:3)
  5 worker ants
  A hound skeleton (D:8)
  A worker ant zombie (D:5)
  2 howler monkey zombies
  11 adders
  5 shadow imps
  An ooze (D:2)
  An adder skeleton (D:6)
  4 worms
  5 dart slugs
  2 leopard geckos
  68 orcs
  5 bats
  5 giant cockroaches
  10 goblins
  7 hobgoblins
  6 jackals
  7 quokkas
  3 frilled lizards
  26 kobolds
  A leopard gecko skeleton (D:5)
  A quokka skeleton (D:9)
  10 rats
313 creatures vanquished.

Vanquished Creatures (others)
  A plant (D:10)
1 creature vanquished.

Grand Total: 314 creatures vanquished

Notes
Turn   | Place    | Note
-------+----------+-------------------------------------------
     0 | D:1      | shadizar the Octopode Assassin began the quest for the Orb.
     0 | D:1      | Reached XP level 1. HP: 14/14 MP: 1/1
    76 | D:1      | Reached XP level 2. HP: 16/19 MP: 2/2
   414 | D:1      | Reached XP level 3. HP: 22/25 MP: 3/3
   742 | D:2      | Reached XP level 4. HP: 30/30 MP: 4/4
   757 | D:2      | Reached skill level 6 in Stealth
  1444 | D:2      | Found an ornate altar of the Wu Jian Council.
  1444 | D:2      | Found an iron altar of Okawaru.
  1579 | D:2      | Became a worshipper of Warmaster Okawaru
  1921 | D:3      | Noticed Grinder
  1928 | D:3      | Paralysed by Grinder for 4 turns
  2101 | D:3      | Noticed Ijyb
  2115 | D:3      | Killed Ijyb
  2115 | D:3      | Reached XP level 5. HP: 34/36 MP: 5/5
  2250 | D:3      | You fall into a shaft and drop 3 floors!
  2263 | D:6      | Noticed an ogre
  2310 | D:5      | Entered Level 5 of the Dungeon
  2351 | D:5      | Reached skill level 1 in Invocations
  2952 | D:5      | Reached XP level 6. HP: 42/42 MP: 7/7
  3468 | D:4      | Noticed a phantom
  3480 | D:4      | Killed a phantom
  3480 | D:4      | Reached skill level 7 in Stealth
  4138 | D:3      | Reached XP level 7. HP: 47/47 MP: 8/8
  4634 | D:4      | Found a burning altar of Makhleb.
  4990 | D:5      | Found a runed translucent door.
  4991 | D:5      | Noticed Crazy Yiuf
  5621 | D:6      | Reached skill level 8 in Stealth
  5656 | D:6      | Reached * piety under Okawaru
  5656 | D:6      | Reached XP level 8. HP: 54/54 MP: 9/9
  6018 | D:6      | Reached skill level 5 in Fighting
  6021 | D:6      | Found an ancient bone altar of Kikubaaqudgha.
  6022 | D:6      | Reached skill level 5 in Short Blades
  6056 | D:6      | Reached skill level 1 in Evocations
  6155 | D:6      | Reached skill level 9 in Stealth
  6423 | D:7      | Reached ** piety under Okawaru
  6423 | D:7      | Reached skill level 5 in Dodging
  6499 | D:7      | Found Goycog's Food Shoppe.
  6816 | D:6      | Reached XP level 9. HP: 50/61 MP: 8/10
  7127 | D:7      | Noticed Harold
  7479 | D:7      | Found a staircase to the Ecumenical Temple.
  7513 | Temple   | Entered the Ecumenical Temple
  7898 | D:8      | Reached skill level 10 in Stealth
  8484 | D:8      | Reached skill level 1 in Long Blades
  9132 | D:9      | Found a hazy altar of Hepliaklqana.
  9211 | D:9      | Reached *** piety under Okawaru
  9211 | D:9      | Reached XP level 10. HP: 69/69 MP: 11/11
  9392 | D:9      | Found Uvuamu's Food Boutique.
 10942 | D:7      | Reached skill level 5 in Long Blades
 11064 | D:10     | Entered Level 10 of the Dungeon
 11236 | D:10     | You fall into a shaft and drop 3 floors!
 11251 | D:13     | Noticed a deep elf knight
 11251 | D:13     | Noticed a centaur warrior
 11251 | D:13     | Noticed a centaur warrior
 11267 | D:13     | Found a burning altar of Makhleb.
 11267 | D:13     | Found an iron altar of Okawaru.
 11267 | D:13     | Found a hide-covered altar of Uskayaw.
 11267 | D:13     | Found a shimmering blue altar of Sif Muna.
 11267 | D:13     | Noticed an unseen horror
 11332 | D:13     | HP: 3/71 [wyvern zombie (10)]
 12291 | D:11     | Noticed a two-headed ogre
 12340 | D:11     | Noticed a two-headed ogre
 12880 | D:12     | Reached XP level 11. HP: 66/77 MP: 9/12
 12936 | D:12     | Reached **** piety under Okawaru
 13576 | D:10     | Found a staircase to the Lair.
 13843 | D:10     | Found a staircase to the Orcish Mines.
 14282 | D:10     | Noticed a manticore
 14298 | D:10     | HP: 3/78 [manticore (8)]
 14304 | D:10     | HP: 3/117 [manticore (2)]
 14313 | D:10     | Slain by a troll

Illustrated notes

Levels and vault maps discovered:
D:1:      minmay_arrival_hallway, layout_rooms, minmay_octomino_e4
D:2:      layout_loops_ring, gammafunk_temple_overflow_elements, first_ration,
          serial_glass, glass_columns_a, glass_columns_c, glass_columns_b,
          glass_columns_c, hangedman_feature_mirror
D:3:      layout_basic, uniq_grinder, uniq_ijyb
D:4:      layout_rooms, bloody_makhleb, minmay_strange_pillars
D:5:      layout_basic, st_stairs_10, lemuel_another_geyser,
          uniq_crazy_yiuf_cottage
D:6:      layout_loops_ring, basic_altar
D:7:      layout_rooms, minmay_temple_entry_glass, serial_shops,
          nicolae_shop_stone, uniq_harold
D:8:      layout_cave_pools
D:9:      layout_irregular_city, old_standard_altar, serial_shops, shop
D:10:     layout_irregular_city, lair_entry_dummy, erik_orc_1, hangedman_ranch
          [blue_anna_fruit_fields]
D:11:     layout_cross
D:12:     layout_small_grid
D:13:     minmay_the_grid_octo_tiled_squarecenter_mashed
          [minmay_the_grid_octo_shrine, minmay_the_grid_octo_concentric,
          minmay_the_grid_octo_empty, minmay_the_grid_octo_tetromino_candy,
          minmay_the_grid_square_5x5_megaprize_open,
          minmay_the_grid_square_5x5_inner_i,
          minmay_the_grid_square_5x5_hourglass,
          minmay_the_grid_square_5x5_two_walls_b,
          minmay_the_grid_square_5x5_six], layout_irregular_city
Temple:   compressed_dpeg_circular_temple

Skill      XL: |  1  2  3  4  5  6  7  8  9 10 |
---------------+-------------------------------+-----
Stealth        | 6 7 8 9 10 | 10.9
Dodging        | 2 3 4 5 6 8 |  8.5
Fighting       | 3 4 5 6 8 |  8.7
Short Blades   | 3 4 5 6 |  6.5
Invocations    | 1 2 |  2.2
Evocations     | 2 |  2.1
Long Blades    | 3 7 |  7.8
Throwing       | |  2.0

Action                   |  1- 3 |  4- 6 |  7- 9 | 10-12 || total
-------------------------+-------+-------+-------+-------++-------
Melee: Dagger            |    55 |   145 |    22 |       ||   222
       Constrict         |    15 |    34 |    48 |    59 ||   156
       Tentacles         |     6 |    31 |    65 |    78 ||   180
       Short sword       |       |       |   258 |       ||   258
       Falchion          |       |       |    36 |   332 ||   368
       Punch             |       |       |     3 |     6 ||     9
Invok: Heroism           |       |       |    14 |    32 ||    46
Evoke: Wand              |       |       |       |     1 ||     1
  Use: Potion            |       |     2 |     1 |     7 ||    10
       Scroll            |       |       |    18 |     4 ||    22
 Stab: Sleeping          |     5 |    21 |    20 |    13 ||    59
       Distracted        |       |       |     2 |     3 ||     5
       Invisible         |       |       |       |     2 ||     2
  Eat: Chunk             |       |    10 |    16 |    13 ||    39
       Ration            |       |       |       |     1 ||     1
Armor: Skin              |     5 |     4 |    36 |    15 ||    60
Dodge: Dodged            |    39 |    86 |   187 |   238 ||   550
       Rpst.: Falchion   |       |       |     9 |    68 ||    77
